 Dungeon Crawl Stone Soup version 0.27-a0-1081-ge8a0a9c698 (webtiles) character file.

Game seed: 14464552544610513792

1521 dolemite99 the Fighter (level 8, -7/78 (79) HPs)
             Began as a Minotaur Fire Elementalist on Apr 26, 2021.
             Was an Elder of Fedhas.
             Mangled by a hornet zombie (8 damage)
             ... on level 6 of the Dungeon.
             The game lasted 00:10:59 (7660 turns).

dolemite99 the Fighter (Minotaur Fire Elementalist) Turns: 7660, Time: 00:11:00

HP:   -7/78 (79)    AC:  8    Str: 14    XL:     8   Next: 54%
MP:   9/9           EV:  6    Int: 12    God:    Fedhas [****..]
Gold: 403           SH:  0    Dex: 12    Spells: 8/9 levels left

rFire    + . .     SeeInvis .   e - +1 war axe
rCold    . . .     Faith    .   (no shield)
rNeg     . . .     Spirit   .   j - +0 chain mail
rPois    .         Reflect  .   (helmet restricted)
rElec    .         Harm     .   (no cloak)
rCorr    .         Rampage  .   (no gloves)
Will     .....                  (no boots)
Stlth    ..........             (no amulet)
HPRegen  0.23/turn              l - ring of protection from fire
MPRegen  0.11/turn              (no ring)

@: hasted, studying Fighting, lightly drained, very quick
A: horns 2, retaliatory headbutt
a: Renounce Religion, Wall of Briars, Grow Ballistomycete, Overgrow


You were on level 6 of the Dungeon.
You worshipped Fedhas.
Fedhas was greatly pleased with you.
You visited 1 branch of the dungeon, and saw 6 of its levels.

You collected 936 gold pieces.
You spent 533 gold pieces at shops.

Inventory:

Hand Weapons
 b - the +4 hunting sling of Exquisite Torment {freeze, Int+7 Dex-3}
   (You bought it in a shop on level 1 of the Dungeon)

   It causes projectiles fired from it to freeze those they strike, causing
   extra injury to most foes and up to half again as much damage against
   particularly susceptible opponents.
   They can also slow down cold-blooded creatures.
   It affects your intelligence (+7).
   It affects your dexterity (-3).
 e - a +1 war axe (weapon)
 s - a +2 flail of venom
 y - a +0 battleaxe
Missiles
 g - 23 poisoned darts (quivered)
 h - 73 arrows
 o - 43 bolts
 u - 26 stones
 z - 2 datura-tipped darts
Armour
 a - a +0 robe
 c - a +0 ring mail
 j - a +0 chain mail (worn)
Jewellery
 l - a ring of protection from fire (left hand)
 m - a ring of willpower
 n - a ring of positive energy
 t - a ring of protection from cold
 w - an amulet of reflection
Wands
 q - a wand of paralysis (11)
Scrolls
 k - a scroll of vulnerability {unknown}
 v - a scroll of enchant armour {unknown}
 x - a scroll of magic mapping {unknown}
Potions
 d - a potion of brilliance
 f - 5 potions of flight


   Skills:
 + Level 10.0 Fighting
 - Level 7.7 Axes
 - Level 4.0 Slings
 - Level 2.1 Dodging
 - Level 1.5 Stealth
 - Level 1.3 Spellcasting
 - Level 0.6 Conjurations
 - Level 2.1 Fire Magic
 - Level 3.5 Invocations


You had 8 spell levels left.
You knew the following spells:

 Your Spells              Type           Power      Damage    Failure   Level
a - Foxfire               Conj/Fire      16%        2x1d4     99%         1

Your spell library contained the following spells:

 Spells                   Type           Power      Damage    Failure   Level
 Confusing Touch          Hex            0%         N/A       100%        3
 Conjure Flame            Conj/Fire      4%         6-21      100%        3
 Gell's Gravitas          Tloc           0%         N/A       100%        3
 Inner Flame              Hex/Fire       3%         N/A       100%        3
 Petrify                  Tmut/Erth      0%         N/A       100%        4
 Sticky Flame             Conj/Fire      4%         2d3       100%        4
 Fireball                 Conj/Fire      2%         3d4       100%        5
 Metabolic Englaciation   Hex/Ice        0%         N/A       100%        5
 Yara's Violent Unravell  Hex/Tmut       0%         3d3       100%        5


Dungeon Overview and Level Annotations

Branches:
Dungeon (6/15)
 Temple: D:4-7

Altars:
Ashenzari
Fedhas
Hepliaklqana
Kikubaaqudgha
Uskayaw
Xom
Yredelemnul
Zin

Shops:
D:1 (


Innate Abilities, Weirdness & Mutations

You have a pair of horns on your head.
You reflexively headbutt those who attack you in melee.


Message History

Aim: a hornet zombie (heavily damaged, 69% to hit)
You shoot a stone. The stone hits the hornet zombie!
The hornet zombie is severely damaged.
The hornet zombie hits you!
* * * LOW HITPOINT WARNING * * *
The hornet zombie hits you.
* * * LOW HITPOINT WARNING * * *
Fire: 28 stones
Press: ? - help, Q - select action, (/) - cycle Shift-Dir - straight line, f/p - hornet zombie
Aim: a hornet zombie (severely damaged, 70% to hit)
You shoot a stone.
The stone barely misses the hornet zombie.
The hornet zombie hits you but does no damage.
Fire: 27 stones
Press: ? - help, Q - select action, (/) - cycle Shift-Dir - straight line, f/p - hornet zombie
Aim: a hornet zombie (severely damaged, 69% to hit)
You shoot a stone.
The stone closely misses the hornet zombie.
The hornet zombie hits you.
* * * LOW HITPOINT WARNING * * *
Okay, then.
You feel better. The hornet zombie hits you!
* * * LOW HITPOINT WARNING * * *
The hornet zombie hits you but does no damage.
You feel better. The hornet zombie hits you!
* * * LOW HITPOINT WARNING * * *
You feel better. The hornet zombie hits you.
* * * LOW HITPOINT WARNING * * *
The +4 hunting sling of Exquisite Torment {freeze, Int+7 Dex-3} stops glowing.
e - a +1 war axe (weapon)
The hornet zombie barely misses you.
You hit the hornet zombie but do no damage.
The hornet zombie is severely damaged.
The hornet zombie hits you.
* * * LOW HITPOINT WARNING * * *
You feel yourself speed up. The hornet zombie hits you.
* * * LOW HITPOINT WARNING * * *
The hornet zombie hits you!
You die...
Fedhas appreciates your contribution to the ecosystem.

#.# #.# .. >..
##.###### .# ....
....... .#
..#....###.##.#####
#.#...#.........(......
#.#.# #...####......#
#... #......'..Z...#
#.#####.##.###..@...#
........ #[###......#
##########..##......##
.....................#
###########.#####.####
..# #............# #.#
#.#####.####... #.#
#...<#... #.# #.#### ..


You could see a hornet zombie.

Vanquished Creatures
  Eustachio (D:4)
  2 necrophages (D:5)
  A black bear (D:4)
  2 ogres (D:5)
  A centaur (D:5)
  A scorpion (D:5)
  A wight (D:5)
  A centaur zombie (D:5)
  7 bullfrog zombies
  4 hounds
  A human zombie (D:5)
  2 jellies (D:5)
  A hound skeleton (D:4)
  3 mummies (D:5)
  3 gnolls (D:5)
  2 howler monkey skeletons
  A river rat (D:3)
  10 adders
  A white imp (D:6)
  An adder zombie (D:5)
  2 worms (D:3)
  3 dart slugs
  9 orcs
  3 bats
  3 endoplasms (D:1)
  2 giant cockroaches
  8 goblins
  7 hobgoblins
  8 jackals
  3 quokkas (D:3)
  3 ball pythons
  5 frilled lizards
  5 kobolds
  8 rats
115 creatures vanquished.

Vanquished Creatures (others)
  7 foxfires
7 creatures vanquished.

Grand Total: 122 creatures vanquished

Notes
Turn   | Place    | Note
-------+----------+-------------------------------------------
     0 | D:1      | dolemite99 the Minotaur Fire Elementalist began the quest
                  | for the Orb.
     0 | D:1      | Reached XP level 1. HP: 14/14 MP: 1/1
    24 | D:1      | Found a faded altar of an unknown god.
    38 | D:1      | Became a worshipper of Fedhas Madash
    38 | D:1      | Reached * piety under Fedhas
    41 | D:1      | Reached skill level 1 in Fighting
   108 | D:1      | Found Ochao's Weapon Shop.
   116 | D:1      | Reached XP level 2. HP: 12/24 MP: 0/3
   400 | D:1      | Reached skill level 2 in Fighting
   400 | D:1      | Reached skill level 1 in Axes
   865 | D:2      | Reached XP level 3. HP: 28/30 MP: 4/4
   874 | D:2      | Reached ** piety under Fedhas
  1200 | D:2      | Reached skill level 3 in Fighting
  1728 | D:3      | Reached XP level 4. HP: 28/38 MP: 5/5
  2135 | D:3      | HP: 2/40 [poisoned by an adder]
  3047 | D:3      | Noticed an angel
  3049 | D:3      | Found a glowing silver altar of Zin.
  3050 | D:3      | Found a shimmering altar of Xom.
  3062 | D:3      | Reached *** piety under Fedhas
  3063 | D:3      | Reached XP level 5. HP: 42/46 MP: 6/6
  3809 | D:4      | Noticed a black bear
  3817 | D:4      | Killed a black bear
  3818 | D:4      | Reached skill level 5 in Axes
  4140 | D:4      | Found a broken altar of Ashenzari.
  4141 | D:4      | Found a hide-covered altar of Uskayaw.
  4171 | D:4      | Noticed Eustachio
  4221 | D:4      | Killed Eustachio
  4222 | D:4      | Reached XP level 6. HP: 30/52 MP: 5/7
  4744 | D:5      | Entered Level 5 of the Dungeon
  4802 | D:5      | Reached XP level 7. HP: 37/58 MP: 8/8
  5021 | D:5      | Identified 2 scrolls of acquirement
  5022 | D:5      | Acquired a manual of Fighting
  5026 | D:5      | Acquired 664 gold pieces
  5151 | D:1      | Bought the +4 hunting sling of Exquisite Torment {freeze,
                  | Int+7 Dex-3} for 533 gold pieces
  5445 | D:5      | Reached skill level 1 in Slings
  5445 | D:5      | Reached skill level 1 in Invocations
  5688 | D:5      | Found a basalt altar of Yredelemnul.
  5991 | D:5      | Reached skill level 5 in Fighting
  5991 | D:5      | Reached XP level 8. HP: 23/68 MP: 9/9
  6437 | D:5      | Reached skill level 6 in Fighting
  6449 | D:5      | Reached skill level 7 in Fighting
  6923 | D:5      | Reached skill level 8 in Fighting
  6923 | D:5      | Reached **** piety under Fedhas
  6969 | D:5      | Reached skill level 9 in Fighting
  7293 | D:5      | Found an ancient bone altar of Kikubaaqudgha.
  7415 | D:6      | Found a hazy altar of Hepliaklqana.
  7437 | D:6      | Reached skill level 10 in Fighting
  7660 | D:6      | HP: 1/78 [hornet zombie (4)]
  7660 | D:6      | Mangled by a hornet zombie

Illustrated notes

Levels and vault maps discovered:
D:1:      lightli_molten_gateway, layout_rooms, serial_shops, shop,
          hellmonk_ecumenical_altar_lost_god
D:2:      layout_basic
D:3:      layout_basic, grunt_temple_overflow_order_and_chaos_1,
          gup_sewer_entry_spiral, corexii_item_surrounded_by_moat,
          small_statue_intersection
D:4:      layout_rooms, nicolae_overflow_hidden_temple, uniq_eustachio
D:5:      minmay_chambers_of_threes, layout_cave_pools,
          lemuel_mausoleum_altar_yredelemnul, old_standard_altar,
          serial_column_ruins, column_ruins_hut_ruined, column_ruins_hut_ruined,
          column_ruins_open_small, column_ruins_columns_straight,
          column_ruins_corridor_straight, column_ruins_corridor_plus,
          column_ruins_columns_corner
D:6:      layout_basic, tso_oasis_becter, nicolae_gozag_seed_capital,
          overflow_temple_1_default, lemuel_coloured_pillars_altar,
          minmay_temple_entry_water_ring, uniq_blork_the_orc

Skill      XL: |  1  2  3  4  5  6  7  8 |
---------------+-------------------------+-----
Fighting       | 1 2 3 5 10 | 10.0
Axes           | 1 2 3 6 7 |  7.7
Slings         | 3 4 |  4.0
Invocations    | 3 |  3.5
Dodging        | |  2.1
Stealth        | |  1.5
Spellcasting   | |  1.3
Conjurations   | |  0.6
Fire Magic     | |  2.1

Action                   |  1- 3 |  4- 6 |  7- 9 || total
-------------------------+-------+-------+-------++-------
Melee: War axe           |    92 |   130 |     6 ||   228
       Headbutt          |    15 |    17 |       ||    32
 Fire: Hunting sling     |       |       |   235 ||   235
Throw: Dart              |    22 |    29 |       ||    51
 Cast: Foxfire           |     2 |     2 |       ||     4
Evoke: Wand              |       |       |     1 ||     1
  Use: Scroll            |       |    10 |     5 ||    15
       Potion            |       |     1 |     6 ||     7
Armor: Ring mail         |    58 |    52 |       ||   110
       Robe              |     1 |       |       ||     1
       Chain mail        |       |     1 |   114 ||   115
Dodge: Dodged            |    76 |    73 |    70 ||   219

Table legend: (Time is in decaauts)
 A = Elapsed time spent in this place.
 B = Non-inter-level travel time spent in this place.
 C = Inter-level travel time spent in this place.
 D = Time resting spent in this place.
 E = Time spent auto-exploring this place.
 F = Levels seen in this place.
 G = Mean time per level.
                   A        B        C        D        E       F      G
               +--------+--------+--------+--------+--------+-----+--------+
         Total |   7770 |   7408 |    362 |   1968 |   4129 |   6 | 1295.0 |
       Dungeon |   7770 |   7408 |    362 |   1968 |   4129 |   6 | 1295.0 |
               +--------+--------+--------+--------+--------+-----+--------+

Top non-repeatable levels by time:
     D:5: 2436 daAuts
     D:3: 2300 daAuts
     D:4: 1125 daAuts
     D:1: 899 daAuts
     D:2: 721 daAuts
     D:6: 288 daAuts
